 Dungeon Crawl Stone Soup version 0.21-a0-621-gc60411f (webtiles) character file.

815 Amnesiac the Changer (level 7, -3/50 HPs)
             Began as an Octopode Transmuter on Dec 23, 2017.
             Was a Follower of Okawaru.
             Slain by Grinder (5 damage)
             ... on level 4 of the Dungeon.
             The game lasted 00:05:44 (3859 turns).

Amnesiac the Changer (Octopode Transmuter)          Turns: 3859, Time: 00:05:45

Health: -3/50      AC:  1    Str:  8 (10) XL:     7   Next: 94%
Magic:  11/14      EV: 15    Int: 14 (15) God:    Okawaru [*.....]
Gold:   219        SH:  0    Dex: 13 (14) Spells: 6/15 levels left

rFire    . . .     SeeInvis .     - Unarmed
rCold    . . .     Gourm    .   (no shield)
rNeg     . . .     Faith    .   (helmet restricted)
rPois    +         Spirit   .   (no amulet)
rElec    .         Reflect  .   d - ring of poison resistance
rCorr    .         Harm     .   o - ring of loudness (curse)
MR       .....                  (no ring)
Stlth    +.........             (no ring)
HPRegen  0.16/turn              (no ring)
MPRegen  0.14/turn              (no ring)
                                (no ring)
                                (no ring)

@: flying
A: almost no armour, stealthy swim, amphibious, 8 rings, constrict 8, camouflage
1, gelatinous body 1
a: Heroism, Renounce Religion


You were on level 4 of the Dungeon.
You worshipped Okawaru.
Okawaru was aware of your devotion.
You were hungry.

You visited 1 branch of the dungeon, and saw 5 of its levels.

You collected 219 gold pieces.

Inventory:

Hand Weapons
 a - a +1 blowgun
Missiles
 e - 128 stones (quivered)
 m - 6 needles of sleeping
 p - 7 curare-tipped needles
 s - 18 poisoned needles
 t - 99 arrows
Jewellery
 d - a ring of poison resistance (left tentacle)
 f - an uncursed amulet of the gourmand {unknown}
 o - a cursed ring of loudness (right tentacle)
Scrolls
 b - a scroll of blinking {!r}
 h - a scroll of enchant armour {!r}
 u - a scroll of magic mapping {!r, unknown}
Potions
 i - a potion of invisibility {!q, unknown}
 j - a potion of brilliance {!q}
 k - a potion of heal wounds {!q, unknown}
 q - a potion of flight {!q}
 r - a potion of magic {!q}
Comestibles
 c - 7 rations


   Skills:
 + Level 5.3 Fighting
 + Level 5.1 Dodging
 * Level 7.7 Unarmed Combat
 + Level 4.7 Spellcasting
 * Level 7.7 Transmutations
 + Level 4.7 Invocations


You had 6 spell levels left.
You knew the following spells:

 Your Spells              Type           Power        Failure   Level  Hunger
a - Ice Form              Ice/Tmut       ##......     36%         4    ####...
b - Sticks to Snakes      Tmut           ###.....     1%          2    ##.....
e - Spider Form           Tmut/Pois      ##........   11%         3    ###....


Dungeon Overview and Level Annotations

Branches:
Dungeon (5/15)
 Temple: D:4-7

Altars:
Makhleb
Okawaru
Wu Jian

Annotations:
D:4 Grinder


Innate Abilities, Weirdness & Mutations

You cannot wear most types of armour.
You are very stealthy in the water. (Stealth+)
You are amphibious.
You can wear up to eight rings at the same time.
You can use your tentacles to constrict eight enemies at once.
Your skin changes colour to match your surroundings (Stealth+).
Your rubbery body absorbs attacks. (AC +1, EV +1)


Message History

Aim: Grinder (hasn't noticed you)
You throw a stone.
Grinder shouts!
The stone hits Grinder but does no damage.
Grinder is nearby!
Grinder is nearby!
Really quaff
q - 2 white potions {!q}?
It was a potion of flight {!q}.
You feel very buoyant.
You fly up into the air.
Really quaff
n - a dark potion {!q}?
It was a potion of degeneration {!q}.
There was something very wrong with that liquid.
You feel weakened.
You feel dopey.
You feel clumsy.
Really quaff
l - a bubbling orange potion {!q}?
It was a potion of experience {!q}.
You feel more experienced!
Your Fighting skill gained 2 levels and is now at level 5!
Your Dodging skill gained 3 levels and is now at level 5!
Your Unarmed Combat skill gained 3 levels and is now at level 7!
Your Spellcasting skill gained 2 levels and is now at level 4!
Your Transmutations skill gained 3 levels and is now at level 7!
Your Invocations skill gained 3 levels and is now at level 4!
You have reached level 7!
You tentacle-slap Grinder. You squeeze Grinder.
Grinder is moderately wounded.
Grinder hits you.
You writhe in agony.
You tentacle-slap Grinder but do no damage.
You grab Grinder.
Grinder is moderately wounded.
You constrict Grinder, but do no damage.
Grinder hits you!
You writhe in agony.
You tentacle-slap Grinder.
Grinder is moderately wounded.
You constrict Grinder.
Grinder blinks free!
You barely miss Grinder. You grab Grinder.
Grinder is moderately wounded.
You constrict Grinder. Grinder hits you!
* * * LOW HITPOINT WARNING * * *
You tentacle-slap Grinder but do no damage.
Grinder is moderately wounded.
You constrict Grinder, but do no damage.
Grinder hits you!
* * * LOW HITPOINT WARNING * * *
You writhe in agony.
* * * LOW HITPOINT WARNING * * *
Really quaff
g - 2 fuming white potions {!q}?
It was a potion of curing {!q}.
You feel better.
You constrict Grinder.
Grinder struggles to blink free from constriction.
You tentacle-slap Grinder.
Grinder is heavily wounded.
You constrict Grinder, but do no damage.
Grinder gestures at you. Pain shoots through your body!
* * * LOW HITPOINT WARNING * * *
You bludgeon Grinder! You squeeze Grinder.
Grinder is severely wounded.
You constrict Grinder.
Unknown command.
Really quaff
g - a potion of curing {!q}?
You feel better.
You constrict Grinder. Grinder hits you!
* * * LOW HITPOINT WARNING * * *
You writhe in agony.
You die...

#.# #.#
#######.######.#
.............).#
##.###.######## #
.# #.#####...
#.##.###.#
#.......#
#.(5.....#
#.########### #.#
#..###............
#.#
#@.##.....########
#.# #.5###.##.#
#.# #..# ####.# #
#.#####..# #)#
#.#........# #.#
#.#.##.###.# #.#
#..........# #.#
###.##.##### #.#
#.##.### #.#


You could see Grinder.

Vanquished Creatures
  A centaur (D:2)
  A water moccasin skeleton (D:4)
  A crimson imp (D:2)
  An orc wizard (D:3)
  A centaur skeleton (D:4)
  2 worker ants
  4 adders
  2 oozes
  A worm (D:2)
  A dart slug (D:1)
  3 leopard geckos
  7 orcs
  A ball python (D:1)
  5 giant cockroaches
  8 goblins
  16 hobgoblins
  5 jackals
  2 quokkas
  8 bats
  2 frilled lizards
  A jackal skeleton (D:4)
  8 kobolds
  9 rats
90 creatures vanquished.

Vanquished Creatures (collateral kills)
  A kobold (D:1)
1 creature vanquished.

Grand Total: 91 creatures vanquished

Notes
Turn   | Place    | Note
-------+----------+-------------------------------------------
     0 | D:1      | Amnesiac the Octopode Transmuter began the quest for the Orb.
     0 | D:1      | Reached XP level 1. HP: 13/13 MP: 3/3
    33 | D:1      | Reached XP level 2. HP: 3/18 MP: 5/5
    55 | D:1      | Learned a level 2 spell: Sticks to Snakes
   518 | D:1      | Reached XP level 3. HP: 15/24 MP: 6/6
   523 | D:1      | Learned a level 3 spell: Spider Form
  1404 | D:2      | Found an iron altar of Okawaru.
  1431 | D:2      | Became a worshipper of Warmaster Okawaru
  1492 | D:2      | Found an ornate altar of the Wu Jian Council.
  1590 | D:2      | Noticed a centaur
  1599 | D:2      | Killed a centaur
  1599 | D:2      | Reached * piety under Okawaru
  1599 | D:2      | Reached XP level 4. HP: 22/29 MP: 3/7
  1599 | D:2      | Reached XP level 5. HP: 26/34 MP: 3/8
  1677 | D:2      | Found a burning altar of Makhleb.
  2210 | D:3      | Reached XP level 6. HP: 20/41 MP: 9/9
  2216 | D:3      | Learned a level 4 spell: Ice Form
  2980 | D:3      | Reached skill level 1 in Invocations
  3447 | D:4      | Noticed Grinder
  3605 | D:5      | Entered Level 5 of the Dungeon
  3850 | D:4      | Reached skill level 5 in Fighting
  3850 | D:4      | Reached skill level 5 in Dodging
  3850 | D:4      | Reached XP level 7. HP: 50/50 MP: 10/14
  3857 | D:4      | HP: 1/50 [Grinder/nerve-wracking pain (11)]
  3859 | D:4      | Slain by Grinder

Vault maps used:
D:1:      saegor_arrival_simple_f
D:2:      nicolae_overflow_crystal_walls, old_standard_altar,
          makhleb_grotto_becter, minmay_surrounded
D:3:      corexii_shack_village
D:4:      lemuel_blue_sif_altar, first_ration, uniq_grinder

Skill      XL: |  1  2  3  4  5  6 |
---------------+-------------------+-----
Fighting       | 2 5 |  5.3
Transmutations | 3 7 |  7.7
Unarmed Combat | 7 |  7.7
Invocations    | 4 |  4.7
Dodging        | 5 |  5.1
Spellcasting   | 4 |  4.7

Action                   |  1- 3 |  4- 6 |  7- 9 || total
-------------------------+-------+-------+-------++-------
Melee: Unarmed           |    82 |   120 |     7 ||   209
       Constrict         |    20 |    29 |     2 ||    51
       Tentacles         |    11 |    16 |     2 ||    29
       Punch             |     1 |     6 |       ||     7
 Fire: Blowgun           |       |    11 |       ||    11
Throw: Stone             |    82 |   102 |       ||   184
 Cast: Sticks to Snakes  |     1 |       |       ||     1
       Spider Form       |     2 |     1 |       ||     3
  Use: Scroll            |     7 |     2 |       ||     9
       Potion            |       |     3 |     2 ||     5
 Stab: Sleeping          |     2 |       |       ||     2
  Eat: Chunk             |     2 |     7 |       ||     9
Armor: Skin              |     3 |     7 |       ||    10
Dodge: Dodged            |    49 |    70 |       ||   119

Table legend:
 A = Spawn XP
 B = Non-spawn XP
 C = Spawn XP percentage of total XP
 D = Spawn monster count
 E = Non-spawn monster count
 F = Spawn count percentage of total count
 G = Total turns spent on level
                    A         B        C        D         E        F      G
               +---------+---------+-------+---------+---------+-------+---------
         Total |       0 |     600 |   0.0 |       0 |      91 |   0.0 |  3859
               +---------+---------+-------+---------+---------+-------+---------
           D:1 |       0 |      53 |   0.0 |       0 |      28 |   0.0 |  1224
           D:2 |       0 |     188 |   0.0 |       0 |      11 |   0.0 |   570
           D:3 |       0 |     190 |   0.0 |       0 |      43 |   0.0 |  1534
           D:4 |       0 |     169 |   0.0 |       0 |       9 |   0.0 |   529
               +---------+---------+-------+---------+---------+-------+---------
